 Dungeon Crawl Stone Soup version 0.31-a0-1005-gfbdfbac (webtiles) character file.

Game seed: 1144103838246004749

259 Partyfoot the Conjurer (level 5, -6/39 HPs)
             Began as a Draconian Conjurer on Nov 11, 2023.
             Killed by divine providence
             ... invoked by an orc priest
              (15 damage)
             ... on level 4 of the Dungeon.
             The game lasted 00:11:09 (4156 turns).

Partyfoot the Conjurer (Draconian Conjurer)         Turns: 4156, Time: 00:11:09

Health: -6/39      AC:  7    Str: 10    XL:     5   Next: 95%
Magic:  8/19       EV: 12    Int: 20    God:
Gold:   141        SH:  0    Dex:  9    Spells: 6/11 levels left

rFire   . . .        g - +2 short sword (protect)
rCold   . . .        s - orb {*channel}
rNeg    . . .        (body armour unavailable)
rPois   +            (helmet restricted)
rElec   .            (no cloak)
rCorr   .            (no gloves)
SInv    .            m - +1 pair of boots
Will    .....        (no amulet)
Stlth   ++           k - ring of poison resistance
HPRegen 0.26/turn    r - ring of magical power
MPRegen 0.16/turn

%: channel magic (20%)
@: very slightly contaminated
A: AC +5, unfitting armour, cold-blooded
a: no special abilities


You were on level 4 of the Dungeon.
You visited 1 branch of the dungeon, and saw 5 of its levels.

You collected 141 gold pieces.

Inventory:

Hand Weapons
 c - a +0 club
 g - a +2 short sword of protection (weapon)
Missiles
 h - 26 stones
Armour
 m - a +1 pair of boots (worn)
 s - an orb of energy (worn)
Jewellery
 k - a ring of poison resistance (left hand)
 r - a ring of magical power (right hand)
Scrolls
 b - 2 scrolls of enchant armour
 f - a scroll of immolation
 i - a scroll of enchant weapon
 j - 3 scrolls of identify
 o - a scroll of amnesia {unknown}
 q - a scroll of revelation {unknown}
Potions
 a - a potion of magic
 d - a potion of cancellation {unknown}
 e - 4 potions of enlightenment
 l - a potion of berserk rage {unknown}
 n - a potion of curing {unknown}
 p - 2 potions of mutation {unknown}


   Skills:
 + Level 0.8 Fighting
 - Level 1.7 Dodging
 + Level 3.8 Stealth
 + Level 3.6 Spellcasting
 - Level 5.1 Conjurations
 + Level 0.2 Translocations


You had 6 spell levels left.
You knew the following spells:

 Your Spells              Type           Power      Damage    Failure   Level
a - Magic Dart            Conj           96%        1d7       7%          1
b - Iskenderun's Mystic   Conj/Tloc      14%        2d5       63%         4

Your spell library contained the following spells:

 Spells                   Type           Power      Damage    Failure   Level
 Searing Ray              Conj           48%        2d6       10%         2
 Dazzling Flash           Conj/Hex       26%        N/A       32%         3
 Fulminant Prism          Conj/Hex       6%         3d7       65%         4
 Agony                    Necr           3%         N/A       99%         5
 Silence                  Hex/Air        1%         N/A       99%         5


Dungeon Overview and Level Annotations

Branches:
Dungeon (5/15)
 Temple: D:4-7

Altars:
Hepliaklqana
Trog

Shops:
D:1 [   D:3 *


Innate Abilities, Weirdness & Mutations

Your plain brown scales are hard. (AC +5)
You cannot fit into any form of body armour.
You are cold-blooded and may be slowed by cold attacks.


Message History

The magic dart hits the orc.
You kill the orc!
Magical energy flows into your mind!
Casting: Magic Dart (safe; 7% risk of failure)
Confirm with . or Enter, or press ? or * to list all spells.
Aiming: Magic Dart (safe; 7% risk of failure)
Press: ? - help, Shift-Dir - straight line, f - orc priest
Aim: an orc priest, wielding a +0 club (100% to hit)
The magic dart hits the orc priest.
The orc priest is heavily wounded.
Magical energy flows into your mind!
The orc priest hits you but does no damage.
Casting: Magic Dart (safe; 7% risk of failure)
Confirm with . or Enter, or press ? or * to list all spells.
Aiming: Magic Dart (safe; 7% risk of failure)
Press: ? - help, Shift-Dir - straight line, f/p - orc priest
Aim: an orc priest, wielding a +0 club (heavily wounded, 100% to hit)
The magic dart hits the orc priest but does no damage.
The orc priest is heavily wounded.
The orc priest hits you with a +0 club.
* * * LOW HITPOINT WARNING * * *
Casting: Magic Dart (safe; 7% risk of failure)
Confirm with . or Enter, or press ? or * to list all spells.
Aiming: Magic Dart (safe; 7% risk of failure)
Press: ? - help, Shift-Dir - straight line, f/p - orc priest
Aim: an orc priest, wielding a +0 club (heavily wounded, 100% to hit)
The magic dart hits the orc priest.
The orc priest is heavily wounded.
The orc priest hits you with a +0 club.
* * * LOW HITPOINT WARNING * * *
Casting: Magic Dart (safe; 7% risk of failure)
Confirm with . or Enter, or press ? or * to list all spells.
Aiming: Magic Dart (safe; 7% risk of failure)
Press: ? - help, Shift-Dir - straight line, f/p - orc priest
Aim: an orc priest, wielding a +0 club (heavily wounded, 100% to hit)
The magic dart hits the orc priest but does no damage.
The orc priest is heavily wounded.
The orc priest mumbles some strange prayers to Beogh against you.
Beogh smites you!
You die...

#..#
#..#
#.. #.#
#.# #.#
#.# #o#
#@# #.#
#.# #.#
#.# #.#
#.#
#.##
#..####


You could see an orc priest.

Vanquished Creatures
  2 hounds
  Jessica (D:2)
  Robin (D:2)
  4 gnolls (D:3)
  2 adders (D:3)
  4 dart slugs
  12 orcs
  4 ball pythons
  4 bats (D:1)
  3 endoplasms
  3 giant cockroaches
  15 goblins
  6 hobgoblins
  2 jackals (D:3)
  6 quokkas
  A frilled lizard (D:1)
  10 kobolds
  6 rats
86 creatures vanquished.

Notes
Turn   | Place    | Note
-------+----------+-------------------------------------------
     0 | D:1      | Partyfoot the Draconian Conjurer began the quest for the
                  | Orb.
     0 | D:1      | Reached XP level 1. HP: 14/14 MP: 3/3
   180 | D:1      | Reached XP level 2. HP: 20/20 MP: 0/5
   323 | D:1      | Found a faded altar of an unknown god.
   965 | D:1      | Found Ysog's Armour Shoppe.
  1169 | D:1      | Reached XP level 3. HP: 26/26 MP: 3/6
  1441 | D:2      | Noticed Jessica
  1446 | D:2      | Killed Jessica
  1625 | D:2      | Noticed Robin
  1644 | D:2      | Reached XP level 4. HP: 33/33 MP: 1/8
  1652 | D:2      | Killed Robin
  2034 | D:3      | Found Qeojeo's General Store.
  2278 | D:3      | Reached XP level 5. HP: 38/38 MP: 1/9
  2458 | D:3      | Found a hazy altar of Hepliaklqana.
  2458 | D:3      | Found a bloodstained altar of Trog.
  2807 | D:3      | Reached skill level 5 in Conjurations
  3351 | D:4      | Noticed a sky beast
  3645 | D:4      | Noticed an ogre
  3709 | D:4      | Learned a level 4 spell: Iskenderun's Mystic Blast
  3909 | D:5      | Entered Level 5 of the Dungeon
  3912 | D:5      | Noticed an ogre
  4156 | D:4      | Killed from afar by an orc priest

Illustrated notes

Levels and vault maps discovered:
D:1:      dpeg_arrival_subterranean_lakeside_camping, layout_loops_ring,
          serial_shops, shop, shapermc_ecumenical_altar_totnotflames
D:2:      layout_rooms, grunt_decor_junction, eino_tiny_chamber,
          grunt_decor_one_mirror, kennysheep_generic_room_16, uniq_jessica,
          uniq_robin
D:3:      layout_basic, minitemple, serial_shops,
          nicolae_shop_pleasant_corner_grove
D:4:      layout_cave_pods
D:5:      layout_cave_pools, gammafunk_temple_overflow_pools

Skill      XL: |  1  2  3  4  5 |
---------------+----------------+-----
Stealth        | 2 3 |  3.8
Spellcasting   | 3 |  3.6
Conjurations   | 5 |  5.1
Fighting       | |  0.8
Dodging        | |  1.7
Translocations | |  0.2

Action                     |  1- 3 |  4- 6 || total
---------------------------+-------+-------++-------
  Melee: Club              |     6 |       ||     6
         Short sword       |    14 |    38 ||    52
         Tailslap          |     1 |     4 ||     5
         Punch             |       |     1 ||     1
   Cast: Magic Dart        |    71 |   118 ||   189
    Use: Scroll            |       |     5 ||     5
 Armour: Skin              |    26 |    57 ||    83
  Dodge: Dodged            |    15 |    48 ||    63

Table legend: (Time is in decaauts)
 A = Elapsed time spent in this place.
 B = Non-inter-level travel time spent in this place.
 C = Inter-level travel time spent in this place.
 D = Time resting spent in this place.
 E = Time spent auto-exploring this place.
 F = Levels seen in this place.
 G = Mean time per level.
                   A        B        C        D        E       F      G
               +--------+--------+--------+--------+--------+-----+--------+
         Total |   4158 |   3846 |    312 |    399 |   2847 |   5 |  831.6 |
       Dungeon |   4158 |   3846 |    312 |    399 |   2847 |   5 |  831.6 |
               +--------+--------+--------+--------+--------+-----+--------+

Top non-repeatable levels by time:
     D:1: 1346 daAuts
     D:3: 1263 daAuts
     D:4: 896 daAuts
     D:2: 644 daAuts
     D:5: 7 daAuts
